 Dungeon Crawl Stone Soup version 0.26-b1-32-g5d43845318 (webtiles) character file.

Game seed: 5609409848669207289

281 Borgoz the Cudgeller (level 6, -17/37 HPs)
             Began as a Gargoyle Gladiator on Jan 10, 2021.
             Demolished by an ogre
             ... wielding a +0 giant club
              (25 damage)
             ... on level 4 of the Dungeon.
             The game lasted 00:05:00 (2631 turns).

Borgoz the Cudgeller (Gargoyle Gladiator)           Turns: 2631, Time: 00:05:01

Health: -17/37     AC: 10    Str: 17    XL:     6   Next: 27%
Magic:  6/6        EV: 13    Int:  9    God:
Gold:   131        SH:  0    Dex: 13    Spells: 5/5 levels left

rFire    . . .     SeeInvis .   a - +0 flail
rCold    . . .     Faith    .   (no shield)
rNeg     + . .     Spirit   .   b - +0 leather armour
rPois    ∞         Reflect  .   f - +1 helmet
rElec    +         Harm     .   (no cloak)
rCorr    .         Rampage  .   h - +0 pair of gloves
Will     .....                  (no boots)
Stlth    +.........             n - amulet of regeneration
HPRegen  0.52/turn              (no ring)
MPRegen  0.10/turn              (no ring)

@: flying
A: negative energy resistance 1, electricity resistance, unbreathing,
petrification resistance, miasma immunity, AC +4
a: no special abilities


You were on level 4 of the Dungeon.
You visited 1 branch of the dungeon, and saw 4 of its levels.

You collected 131 gold pieces.

Inventory:

Hand Weapons
 a - a +0 flail (weapon)
Missiles
 d - 3 throwing nets (quivered)
Armour
 b - a +0 leather armour (worn)
 f - a +1 helmet (worn)
 h - a +0 pair of gloves (worn)
Jewellery
 n - an amulet of regeneration (around neck)
 s - an uncursed ring of ice
Scrolls
 c - 2 scrolls of remove curse {unknown}
 g - a scroll of enchant armour {unknown}
 i - 2 scrolls of amnesia {unknown}
 j - a scroll of fear {unknown}
 m - a scroll of blinking {unknown}
 o - a scroll of immolation {unknown}
 p - 3 scrolls of identify {unknown}
 q - 6 scrolls of teleportation {unknown}
Potions
 e - a potion of flight
 k - a potion of resistance {unknown}
 l - a potion of heal wounds {unknown}
 r - 2 potions of magic {unknown}


   Skills:
 + Level 3.4 Fighting
 * Level 4.5 Maces & Flails
 - Level 1.7 Throwing
 + Level 2.4 Armour
 * Level 3.8 Dodging


You had 5 spell levels left.
You didn't know any spells.
Your spell library was empty.

Dungeon Overview and Level Annotations

Branches:
Dungeon (4/15)
 Temple: D:4-7

Altars:
The Shining One

Shops:
D:4 [


Innate Abilities, Weirdness & Mutations

You are resistant to torment.
Your stone body is resilient. (AC +4)
You are immune to poison.
You resist negative energy. (rN+)
You are resistant to electric shocks. (rElec)
You can survive without breathing.
You are immune to petrification.
You are immune to miasma.


Message History

The phantom is lightly damaged.
The phantom closely misses you.
You closely miss the phantom.
The phantom is lightly damaged.
The phantom hits you.
The phantom blinks!
You hit the ogre.
The ogre is lightly wounded.
The ogre hits you with a +0 giant club!!
Ouch! That really hurt!
* * * LOW HITPOINT WARNING * * *
The phantom blinks!
You are too injured to fight recklessly!
You are too injured to fight recklessly!
It was a potion of flight.
You feel very buoyant.
You fly up into the air.
A scorpion comes into view.
A worker ant comes into view. x2
The ogre hits you with a +0 giant club!!
Ouch! That really hurt!
You die...

######### #.......#####
# #............ #.
#.......##### #..
.#######.####.##...#
s............####.##....
#....######B............
#.....(.......###†##....
#..#W#O@......# #.###+#.
#.............###.###.##
##.#.#................##
#....................##
#####..................
###.#............##
..###..###.....## ..B
........)... #..
..####.)###


You could see a phantom, an ogre, a scorpion (wandering) and 2 worker ants.

Vanquished Creatures
  An ogre (D:4)
  A howler monkey (D:4)
  Natasha (D:4)
  6 adders
  2 oozes
  A worm (D:2)
  A dart slug (D:2)
  4 leopard geckos
  3 orcs
  3 giant cockroaches
  5 goblins
  8 hobgoblins
  A jackal (D:2)
  6 kobolds
  2 quokkas
  A ball python (D:3)
  6 bats
  4 frilled lizards
  A quokka skeleton (D:3)
  8 rats
65 creatures vanquished.

Notes
Turn   | Place    | Note
-------+----------+-------------------------------------------
     0 | D:1      | Borgoz the Gargoyle Gladiator began the quest for the Orb.
     0 | D:1      | Reached XP level 1. HP: 12/12 MP: 1/1
   206 | D:1      | Reached XP level 2. HP: 17/17 MP: 2/2
   690 | D:2      | Reached skill level 1 in Armour
   741 | D:2      | Reached XP level 3. HP: 22/22 MP: 3/3
  1351 | D:2      | Reached XP level 4. HP: 27/27 MP: 4/4
  1537 | D:3      | Found a glowing golden altar of the Shining One.
  2395 | D:4      | Found Moudiemu's Armour Emporium.
  2419 | D:4      | Noticed an ogre
  2431 | D:4      | Killed an ogre
  2432 | D:4      | Reached skill level 4 in Maces & Flails
  2432 | D:4      | Reached XP level 5. HP: 19/32 MP: 5/5
  2502 | D:4      | Noticed Natasha
  2515 | D:4      | Killed Natasha
  2516 | D:4      | Reached XP level 6. HP: 35/37 MP: 6/6
  2619 | D:4      | Noticed a phantom
  2631 | D:4      | Demolished by an ogre

Illustrated notes

Levels and vault maps discovered:
D:1:      amcnicky_arrival_choice, layout_loops_cross
D:2:      layout_basic, serial_bayou_pond_b
D:3:      layout_loops_corners, nicolae_tso_swordbearing_angel
D:4:      layout_basic, serial_shops, nicolae_shop_trees, serial_glass,
          glass_columns_a, glass_columns_b, glass_columns_a, glass_columns_a,
          uniq_natasha, uniq_menkaure, uniq_pikel

Skill      XL: |  1  2  3  4 |
---------------+-------------+-----
Armour         | 1 2 |  2.4
Dodging        | 3 |  3.8
Fighting       | 3 |  3.4
Maces & Flails | 4 |  4.5
Throwing       | |  1.7

Action                   |  1- 3 |  4- 6 || total
-------------------------+-------+-------++-------
Melee: Flail             |    93 |   151 ||   244
  Use: Potion            |       |     1 ||     1
 Stab: Sleeping          |     1 |     1 ||     2
Armor: Leather armour    |    43 |    68 ||   111
Dodge: Dodged            |    66 |   118 ||   184
